 Dungeon Crawl Stone Soup version 0.30-a0-1085-g990a428a5c (webtiles) character file.

Game seed: 12053275676285475425

430 KristoblXynda the Sneak (level 6, 0/28 HPs)
             Began as a Spriggan Enchanter on Apr 16, 2023.
             Was an Initiate of Gozag.
             Slain by a sleepcap (18 damage)
             ... on level 4 of the Dungeon.
             The game lasted 00:08:50 (4418 turns).

KristoblXynda the Sneak (Spriggan Enchanter)        Turns: 4418, Time: 00:08:51

Health: 0/28       AC:  2    Str:  6    XL:     6   Next: 66%
Magic:  13/13      EV:  4    Int: 23    God:    Gozag
Gold:   509        SH:  0    Dex: 15    Spells: 8/14 levels left

rFire   . . .      SeeInvis +    a - +1 dagger
rCold   . . .      Faith    .    (no shield)
rNeg    . . .      Spirit   .    b - +0 robe
rPois   .          Reflect  .    (helmet restricted)
rElec   .          Rampage  .    (no cloak)
rCorr   .                        (gloves unavailable)
Will    ++...                    (boots unavailable)
Stlth   +++                      (no amulet)
HPRegen 0.24/turn                d - +6 ring of intelligence
MPRegen 0.13/turn                o - ring of willpower

@: sleeping, very quick
A: very small, no large weapons, unfitting armour, see invisible, speed 3
a: Renounce Religion, Potion Petition, Call Merchant, Bribe Branch


You were on level 4 of the Dungeon.
You worshipped Gozag.
Gozag was pleased with you.
You visited 1 branch of the dungeon, and saw 4 of its levels.

You collected 567 gold pieces.
You paid 58 gold pieces to Gozag.

Inventory:

Hand Weapons
 a - a +1 dagger (weapon)
Armour
 b - a +0 robe (worn)
Jewellery
 d - a +6 ring of intelligence (left hand)
 f - a ring of resist corrosion
 j - a ring of ice
 o - a ring of willpower (right hand)
 t - an amulet of regeneration
Scrolls
 g - a scroll of poison {unknown}
 k - a scroll of noise {unknown}
 l - 2 scrolls of magic mapping
 m - a scroll of silence {unknown}
Potions
 c - 2 potions of invisibility
 e - 3 potions of lignification {unknown}
 h - 3 potions of might
 i - a potion of curing
 n - 2 potions of flight
 p - 2 potions of attraction {unknown}
 q - 2 potions of cancellation
 r - a potion of heal wounds {unknown}
 s - a potion of mutation {unknown}


   Skills:
 + Level 3.3 Short Blades
 + Level 4.7 Dodging
 + Level 6.6 Stealth
 + Level 4.5 Spellcasting
 + Level 5.2 Hexes


You had 8 spell levels left.
You knew the following spells:

 Your Spells              Type           Power      Damage    Failure   Level
a - Ensorcelled Hibernat  Hex/Ice        34%        N/A       5%          2
b - Tukima's Dance        Hex            29%        N/A       3%          3
c - Magic Dart            Conj           20%        1d4       10%         1

Your spell library contained the following spells:

 Spells                   Type           Power      Damage    Failure   Level
 Confusing Touch          Hex            29%        N/A       3%          3
 Dazzling Flash           Conj/Hex       34%        N/A       11%         3
 Searing Ray              Conj           10%        2d4       16%         2
 Fulminant Prism          Conj/Hex       8%         3d6       34%         4


Dungeon Overview and Level Annotations

Branches:
Dungeon (4/15)
 Temple: D:4-7

Altars:
Gozag
Qazlal

Shops:
D:4 *

Annotations:
D:3 2 runed translucent doors, vampirul's ghost, amateur GrFi
D:4 Dowan; Duvessa


Innate Abilities, Weirdness & Mutations

You are very small and have problems with some larger weapons.
You are too small for most types of armour.
You have supernaturally acute eyesight. (SInv)
You cover ground extremely quickly. (Speed+++)


Message History

No target in view!
You now have 509 gold pieces (gained 8).
e - 3 lumpy white potions (gained 1)
You see here a +0 hand axe.
A sleepcap comes into view.
A sleepcap is nearby!
A sleepcap is nearby!
You hit the sleepcap but do no damage.
You punch the sleepcap, but do no damage.
You hit the sleepcap.
The sleepcap is lightly damaged.
The sleepcap barely misses you.
Casting: Ensorcelled Hibernation (safe; 5% risk of failure)
Confirm with . or Enter, or press ? or * to list all spells.
You can't see any susceptible monsters within range! (Use Z to cast anyway.) Unknown command.
You hit the sleepcap but do no damage.
The sleepcap is lightly damaged.
The sleepcap closely misses you.
You hit the sleepcap but do no damage.
The sleepcap is lightly damaged.
The sleepcap releases spores at you.
You hit the sleepcap.
The sleepcap is lightly damaged.
The sleepcap misses you.
You hit the sleepcap.
The sleepcap is lightly damaged.
You hit the sleepcap but do no damage.
You punch the sleepcap, but do no damage.
The sleepcap is lightly damaged.
The sleepcap completely misses you.
You hit the sleepcap.
The sleepcap is moderately damaged.
The sleepcap releases spores at you.
You are engulfed in a cloud of soporific spores!
You fall asleep.
The sleepcap releases spores at you!!
Ouch! That really hurt!
You die...
Your body crumbles into a pile of gold.

### #..#
..# ..##
#..##
#f.####..#
#@......#
##.###.#.#
#..# ##.##
#..# #
#..#
#.###.##
#.....#
#.##.##


You could see a sleepcap.

Vanquished Creatures
  2 scorpions
  A hound (D:4)
  A jelly (D:4)
  An orc priest (D:4)
  Robin (D:3)
  9 adders
  2 worms (D:2)
  3 dart slugs (D:3)
  9 orcs
  6 endoplasms
  3 giant cockroaches
  10 goblins
  12 hobgoblins
  8 jackals
  6 kobolds
  A quokka (D:3)
  10 ball pythons
  9 bats
  5 frilled lizards
  5 rats
104 creatures vanquished.

Notes
Turn   | Place    | Note
-------+----------+-------------------------------------------
     0 | D:1      | KristoblXynda the Spriggan Enchanter began the quest for
                  | the Orb.
     0 | D:1      | Reached XP level 1. HP: 9/9 MP: 5/5
   225 | D:1      | Reached XP level 2. HP: 12/13 MP: 6/6
  1132 | D:2      | Reached XP level 3. HP: 13/16 MP: 8/8
  1201 | D:2      | Reached skill level 5 in Stealth
  1269 | D:2      | Learned a level 2 spell: Ensorcelled Hibernation
  1274 | D:2      | Learned a level 3 spell: Tukima's Dance
  1684 | D:2      | Reached XP level 4. HP: 21/21 MP: 10/10
  2076 | D:3      | Found an opulent altar of Gozag.
  2159 | D:3      | Became a worshipper of Gozag Ym Sagoz the Greedy
  2275 | D:3      | Found a stormy altar of Qazlal.
  2479 | D:3      | Noticed a scorpion
  2528 | D:3      | Killed a scorpion
  2529 | D:3      | Reached XP level 5. HP: 20/24 MP: 3/11
  2776 | D:3      | Found a large runed translucent door.
  2776 | D:3      | Found a large runed translucent door.
  2995 | D:3      | Noticed Robin
  3055 | D:3      | Killed Robin
  3056 | D:3      | Reached skill level 6 in Stealth
  3471 | D:3      | Noticed vampirul's ghost (amateur GrFi)
  3591 | D:3      | Learned a level 1 spell: Magic Dart
  3610 | D:4      | Reached XP level 6. HP: 28/28 MP: 13/13
  3623 | D:4      | Found Miugirek's Assorted Antiques.
  3768 | D:4      | Reached skill level 5 in Hexes
  4138 | D:4      | Noticed Duvessa
  4138 | D:4      | Noticed Dowan
  4418 | D:4      | Slain by a sleepcap

Illustrated notes

Levels and vault maps discovered:
D:1:      heliophobic_arrival_enchanted_forest, layout_basic
D:2:      layout_loops_ring, minmay_liquid_box
D:3:      minmay_chambers_of_twos, layout_basic,
          nicolae_qazlal_scattered_showers, nicolae_gozag_seed_capital,
          ebering_ghost_disaster_area, minivault_14,
          minmay_misc_feat_secret_circle, minmay_increasing_density, uniq_robin
D:4:      layout_cave_pods, general_overflow_altar, serial_shops,
          nicolae_shop_peninsula, st_stairs_3, item_on_display_a,
          uniq_eustachio, uniq_duvessa

Skill      XL: |  1  2  3  4  5  6 |
---------------+-------------------+-----
Dodging        | 3 4 |  4.7
Spellcasting   | 3 4 |  4.5
Hexes          | 4 5 |  5.2
Stealth        | 5 6 |  6.6
Short Blades   | 2 3 |  3.3

Action                     |  1- 3 |  4- 6 || total
---------------------------+-------+-------++-------
  Melee: Dagger            |   148 |   207 ||   355
         Punch             |     3 |     2 ||     5
   Cast: Ensorcelled Hiber |     9 |    35 ||    44
    Use: Scroll            |       |     5 ||     5
   Stab: Sleeping          |    16 |    30 ||    46
         Distracted        |       |     1 ||     1
 Armour: Robe              |    19 |    22 ||    41
  Dodge: Dodged            |   115 |   149 ||   264

Table legend: (Time is in decaauts)
 A = Elapsed time spent in this place.
 B = Non-inter-level travel time spent in this place.
 C = Inter-level travel time spent in this place.
 D = Time resting spent in this place.
 E = Time spent auto-exploring this place.
 F = Levels seen in this place.
 G = Mean time per level.
                   A        B        C        D        E       F      G
               +--------+--------+--------+--------+--------+-----+--------+
         Total |   3244 |   3196 |     48 |    754 |   1642 |   4 |  811.0 |
       Dungeon |   3244 |   3196 |     48 |    754 |   1642 |   4 |  811.0 |
               +--------+--------+--------+--------+--------+-----+--------+

Top non-repeatable levels by time:
     D:3: 1184 daAuts
     D:1: 732 daAuts
     D:2: 675 daAuts
     D:4: 652 daAuts
